 Dungeon Crawl Stone Soup version 0.29-a0-700-g2f1814c7b2 (webtiles) character file.

Game seed: 8563587470710041128

109 IdlyInterested the Poker (level 4, -3/49 HPs)
             Began as a Demonspawn Gladiator on June 26, 2022.
             Slain by Grinder (4 damage)
             ... on level 3 of the Dungeon.
             The game lasted 00:06:37 (3011 turns).

IdlyInterested the Poker (Demonspawn Gladiator)     Turns: 3011, Time: 00:06:38

Health: -3/49      AC: 22    Str: 15    XL:     4   Next: 60%
Magic:  4/4        EV:  2    Int: 11    God:
Gold:   168        SH:  0    Dex: 14    Spells: 3/3 levels left

rFire   . . .      SeeInvis +   a - +0 trident
rCold   + . .      Faith    .   (no shield)
rNeg    . . .      Spirit   .   (body armour currently unavailable)
rPois   +          Reflect  .   (helmet currently unavailable)
rElec   .          Harm     .   (cloak currently unavailable)
rCorr   .          Rampage  .   (gloves currently unavailable)
Will    .....      NoTele   +   (boots currently unavailable)
Stlth   +.........              (no amulet)
HPRegen 0.16/turn               f - ring of see invisible
MPRegen 0.09/turn               i - ring of protection from cold

@: tree-form, attractive
A: stationary, stasis, torment immunity, boosted hp, (thin metallic scales 1),
(spiny 1), (demonic touch 1)
a: no special abilities


You were on level 3 of the Dungeon.
You were a tree.
You visited 1 branch of the dungeon, and saw 3 of its levels.

You collected 168 gold pieces.

Inventory:

Hand Weapons
 a - a +0 trident (weapon)
Missiles
 d - 3 throwing nets (quivered)
 e - a javelin
Armour
 b - a +0 leather armour
 c - a +0 helmet (melded)
 h - a +0 chain mail (melded)
 j - a +0 scale mail
Jewellery
 f - a ring of see invisible (left branch)
 i - a ring of protection from cold (right branch)
 l - a ring of wizardry
Scrolls
 g - a scroll of immolation {unknown}
 p - a scroll of fog
 q - 3 scrolls of identify {unknown}
Potions
 m - a potion of heal wounds {unknown}
 n - a potion of ambrosia {unknown}
 o - 2 potions of invisibility


   Skills:
 - Level 2.0 Fighting
 * Level 3.6 Polearms
 - Level 1.7 Throwing
 - Level 3.0 Dodging
 * Level 1.3 Unarmed Combat
 * Level 2.4 Summonings


You had 3 spell levels left.
You didn't know any spells.
Your spell library was empty.

Dungeon Overview and Level Annotations

Branches:
Dungeon (3/15)

Altars:
Elyvilon
Qazlal
Trog

Annotations:
D:3 Grinder


Innate Abilities, Weirdness & Mutations

You are a tree.
Your roots penetrate the ground, keeping you stationary.
You cannot be teleported.
You are immune to unholy pain and torment.
Your maximum health is greatly increased.
Your equipment is partially melded.
((You are partially covered in thin metallic scales. (AC +2)))
((You are partially covered in sharp spines.))
((Your touch may inflict minor irresistible damage on your foes.))


Message History

You kill the orc!
Things that are here:
a +0 dagger; an orc corpse You hit Grinder.
Grinder is lightly wounded.
Grinder hits you.
You writhe in agony.
You hit Grinder.
You touch Grinder!
Grinder is moderately wounded.
Grinder blinks!
Grinder blinks!
Grinder gestures at you.
You suddenly lose the ability to move!
You can move again.
Grinder gestures at you. Pain shoots through your body!
* * * LOW HITPOINT WARNING * * *
It was a potion of lignification.
You turn into a tree.
Your +0 helmet melds into your body.
Your +0 chain mail melds into your body.
Your roots penetrate the ground.
It was a potion of attraction.
You feel attractive to monsters.
You closely miss Grinder. You punch Grinder, but do no damage.
Grinder is moderately wounded.
Grinder hits you but does no damage.
You closely miss Grinder.
Grinder is moderately wounded.
Grinder hits you but does no damage.
You hit Grinder but do no damage.
Grinder is moderately wounded.
Grinder hits you but does no damage.
You barely miss Grinder.
Grinder is moderately wounded.
Grinder hits you but does no damage.
You hit Grinder.
Grinder is heavily wounded.
Grinder barely misses you. Grinder hits you.
* * * LOW HITPOINT WARNING * * *
You writhe in agony.
You die...

#.........#......#.....
#.........###..###.....
#.........##....##.....
#.........###.#.##..... #..
#.........########..... #..
#...................... #.oo
#...................... #...
#...................... #.5..
#))...♣5.......()......
#....##...............(......
#............................
#............................
##...........................
######................).....
#......................
#......................
#......................


You could see Grinder (invisible).

Vanquished Creatures
  Jessica (D:2)
  An adder (D:2)
  An ufetubus (D:3)
  2 dart slugs
  2 orcs (D:3)
  6 ball pythons
  4 bats
  7 endoplasms
  2 giant cockroaches
  2 goblins
  4 hobgoblins
  10 jackals
  5 kobolds
  A quokka (D:1)
  4 frilled lizards
  5 rats
57 creatures vanquished.

Notes
Turn   | Place    | Note
-------+----------+-------------------------------------------
     0 | D:1      | IdlyInterested the Demonspawn Gladiator began the quest for
                  | the Orb.
     0 | D:1      | Reached XP level 1. HP: 16/16 MP: 1/1
   660 | D:1      | Gained mutation: You are partially covered in thin metallic
                  | scales. (AC +2) [demonic ancestry]
   660 | D:1      | Reached XP level 2. HP: 20/22 MP: 2/2
   662 | D:1      | Reached skill level 1 in Summonings
  1062 | D:1      | Found a faded altar of an unknown god.
  1470 | D:2      | You fall into a shaft and drop 1 floor!
  1561 | D:3      | Found a bloodstained altar of Trog.
  1578 | D:3      | Found a stormy altar of Qazlal.
  1612 | D:3      | Gained mutation: Your touch may inflict minor irresistible
                  | damage on your foes. [demonic ancestry]
  1612 | D:3      | Reached XP level 3. HP: 17/27 MP: 3/3
  2310 | D:2      | Noticed Jessica
  2330 | D:2      | Killed Jessica
  2331 | D:2      | Reached skill level 1 in Unarmed Combat
  2331 | D:2      | Gained mutation: You are partially covered in sharp spines.
                  | [demonic ancestry]
  2331 | D:2      | Reached XP level 4. HP: 31/33 MP: 4/4
  2977 | D:3      | Noticed Grinder
  3001 | D:3      | Paralysed by Grinder for 2 turns
  3011 | D:3      | HP: 1/49 [Grinder (4)]
  3011 | D:3      | Slain by Grinder

Illustrated notes

Levels and vault maps discovered:
D:1:      tarquinn_simple_flora_water_f, layout_basic,
          shapermc_ecumenical_altar_ellora, st_stairs_6
D:2:      layout_basic, uniq_jessica
D:3:      layout_basic, minitemple, uniq_grinder

Skill      XL: |  1  2  3 |
---------------+----------+-----
Summonings     | 1 2 |  2.4
Polearms       | 3 |  3.6
Dodging        | 3 |  3.0
Unarmed Combat | 1 |  1.3
Fighting       | |  2.0
Throwing       | |  1.7

Action                   |  1- 3 |  4- 6 || total
-------------------------+-------+-------++-------
Melee: Trident           |   126 |    34 ||   160
       Touch             |     9 |     6 ||    15
       Punch             |       |     2 ||     2
  Use: Scroll            |     1 |       ||     1
       Potion            |       |     2 ||     2
 Stab: Sleeping          |     1 |       ||     1
Armor: Leather armour    |    13 |       ||    13
       Chain mail        |    51 |     7 ||    58
       Skin              |       |     4 ||     4
Dodge: Dodged            |    57 |     4 ||    61

Table legend: (Time is in decaauts)
 A = Elapsed time spent in this place.
 B = Non-inter-level travel time spent in this place.
 C = Inter-level travel time spent in this place.
 D = Time resting spent in this place.
 E = Time spent auto-exploring this place.
 F = Levels seen in this place.
 G = Mean time per level.
                   A        B        C        D        E       F      G
               +--------+--------+--------+--------+--------+-----+--------+
         Total |   3033 |   2971 |     62 |    341 |   2137 |   3 | 1011.0 |
       Dungeon |   3033 |   2971 |     62 |    341 |   2137 |   3 | 1011.0 |
               +--------+--------+--------+--------+--------+-----+--------+

Top non-repeatable levels by time:
     D:1: 1393 daAuts
     D:3: 1049 daAuts
     D:2: 590 daAuts
